 Dungeon Crawl Stone Soup version 0.26.1-11-gd32895ea62 (webtiles) character file.

Game seed: 14991110112432694186

21259 KamiKatze the Destroyer (level 12, -1/91 HPs)
             Began as a Black Draconian Conjurer on May 1, 2021.
             Was a Priest of Vehumet.
             Slain by a boulder beetle (16 damage)
             ... on level 4 of the Lair of Beasts.
             The game lasted 01:30:59 (19117 turns).

KamiKatze the Destroyer (Black Draconian Conjurer) Turns: 19117, Time: 01:31:00

Health: -1/91      AC: 11    Str: 10    XL:     12   Next: 52%
Magic:  9/26       EV: 12    Int: 22    God:    Vehumet [***...]
Gold:   896        SH:  0    Dex: 11    Spells: 14/31 levels left

rFire    + . .     SeeInvis +   a - staff of conjuration
rCold    . . .     Faith    .   (no shield)
rNeg     . . .     Spirit   .   (armour unavailable)
rPois    .         Reflect  .   k - +0 hat {SInv}
rElec    +         Harm     .   M - +0 cloak
rCorr    .         Rampage  .   J - +0 pair of gloves
Will     .....                  r - +0 pair of boots
Stlth    ++........             t - amulet of regeneration
HPRegen  0.65/turn              b - ring of protection from fire
MPRegen  0.20/turn              (no ring)

@: about to teleport
A: breathe lightning, unfitting armour, electricity resistance, cold-blooded, AC
+8
a: Breathe Lightning, Renounce Religion


You were on level 4 of the Lair of Beasts.
You worshipped Vehumet.
Vehumet was most pleased with you.
You visited 3 branches of the dungeon, and saw 15 of its levels.

You collected 896 gold pieces.

Inventory:

Hand Weapons
 e - a +0 mace of draining
 w - the +8 rapier of Bazxit {vorpal, *Noise rF+ Stlth+}
   (You found it on level 6 of the Dungeon)

   It inflicts extra damage upon your enemies.
   It protects you from fire.
   It may make noises in combat.
   It makes you more stealthy.
 x - a +1 whip of electrocution
Missiles
 f - 114 stones
 K - 26 poisoned darts
Armour
 k - a +0 hat of see invisible (worn)
 r - a +0 pair of boots (worn)
 J - a +0 pair of gloves (worn)
 M - a +0 cloak (worn)
Magical Staves
 a - an uncursed staff of conjuration (weapon)
 H - an uncursed staff of fire
Jewellery
 b - a ring of protection from fire (left hand)
 j - an uncursed amulet of guardian spirit
 t - an amulet of regeneration (around neck)
Wands
 i - a wand of enslavement (12)
 z - a wand of digging (11)
 C - a wand of random effects (24)
 F - a wand of flame (15)
Scrolls
 c - a scroll of random uselessness {unknown}
 g - 4 scrolls of enchant armour {unknown}
 l - a scroll of vulnerability {unknown}
 n - 2 scrolls of teleportation
 p - 13 scrolls of remove curse
 s - 5 scrolls of immolation {unknown}
 y - a scroll of amnesia
 D - 2 scrolls of blinking {unknown}
 E - 2 scrolls of fear {unknown}
 G - a scroll of magic mapping {unknown}
 L - 2 scrolls of brand weapon {unknown}
 O - a scroll of fog {unknown}
Potions
 d - 3 potions of brilliance
 h - 3 potions of flight
 m - a potion of attraction
 o - 4 potions of haste
 q - 5 potions of curing
 u - 2 potions of invisibility {unknown}
 v - 5 potions of heal wounds
 A - a potion of magic
 B - 2 potions of mutation {unknown}
 I - a potion of berserk rage
 N - a potion of ambrosia {unknown}
 P - a potion of cancellation
 Q - a potion of degeneration {unknown}
 R - a potion of might {unknown}
 S - a potion of lignification
Miscellaneous
 T - a lightning rod (4/4)


   Skills:
 - Level 4.0 Fighting
 - Level 4.0 Short Blades
 - Level 2.0 Dodging
 - Level 2.0 Stealth
 * Level 10.0 Spellcasting
 * Level 10.1 Conjurations
 + Level 8.0 Hexes
 + Level 8.7 Translocations
 * Level 3.3 Transmutations
 * Level 3.2 Fire Magic
 - Level 6.0 Air Magic
 * Level 3.3 Poison Magic


You had 14 spell levels left.
You knew the following spells:

 Your Spells              Type           Power        Failure   Level
a - Magic Dart            Conj           100%         1%          1
b - Searing Ray           Conj           100%         1%          2
c - Fulminant Prism       Conj/Hex       33%          1%          4
d - Iskenderun's Mystic   Conj/Tloc      68%          1%          4
e - Mephitic Cloud        Conj/Pois/Air  56%          1%          3
f - Ignite Poison         Fire/Tmut/Pois 25%          1%          3

Your spell library contained the following spells:

 Spells                   Type           Power        Failure   Level
 Stone Arrow              Conj/Erth      98%          1%          3
 Beastly Appendage        Tmut           50%          1%          1
 Blink                    Tloc           N/A          1%          2
 Slow                     Hex            46%          1%          2
 Conjure Flame            Conj/Fire      57%          1%          3
 Dazzling Flash           Conj/Hex       100%         1%          3
 Wereblood                Tmut           25%          2%          2
 Spider Form              Tmut/Pois      12%          4%          3
 Animate Skeleton         Necr           22%          6%          1
 Pain                     Necr           44%          6%          1
 Call Imp                 Summ           11%          9%          2
 Vampiric Draining        Necr           5%           19%         3
 Ice Form                 Ice/Tmut       18%          30%         4
 Blade Hands              Tmut           12%          41%         5
 Animate Dead             Necr           5%           52%         4
 Agony                    Necr           11%          86%         5


Dungeon Overview and Level Annotations

Branches:
Dungeon (10/15)            Temple (1/1) D:6            Lair (4/6) D:10
  Swamp (0/4) Lair:3       Spider (0/4) Lair:4
    Orc: D:9-12

Altars:
Ashenzari
Cheibriados
Dithmenos
Elyvilon
Fedhas
Gozag
Hepliaklqana
Kikubaaqudgha
Makhleb
Nemelex Xobeh
Okawaru
Qazlal
Ru
Sif Muna
Trog
Uskayaw
Vehumet
Wu Jian
Xom
Yredelemnul
Zin
The Shining One
Jiyva

Annotations:
D:9 exclusions: bullfrog, hog, hydra and simulacrum


Innate Abilities, Weirdness & Mutations

You can breathe wild blasts of lightning.
Your glossy black scales are hard. (AC +8)
You cannot fit into any form of body armour.
You are resistant to electric shocks. (rElec)
You are cold-blooded and may be slowed by cold attacks.


Message History

Confirm with . or Enter, or press ? or * to list all spells.
You feel a surge of power!
You erupt in a blast of force!
The mystic blast hits the boulder beetle!
The boulder beetle is moderately wounded.
The boulder beetle is knocked back by the mystic blast.
Unknown command.
The boulder beetle barely misses you.
The boulder beetle stops rolling and uncurls.
The boulder beetle curls into a ball and begins rolling!
Casting: Iskenderun's Mystic Blast (safe; 1% risk of failure)
Confirm with . or Enter, or press ? or * to list all spells.
You feel a surge of power!
You erupt in a blast of force!
The mystic blast hits the boulder beetle but does no damage.
The boulder beetle is lightly wounded.
The boulder beetle hits you!!
* * * LOW HITPOINT WARNING * * *
The boulder beetle stops rolling and uncurls.
As you read the scroll of teleportation, it crumbles to dust.
You feel strangely unstable. The boulder beetle bites you!
You die...

#........P#### #.#.......
........>P# ###.....PP
.......(.##########......P
..............##.......[..
..........#...............
..........#...............
..........#.........P.....
...................#......
.........@................
.........B................
.......≈≈≈.≈≈≈....#.......
......≈.≈≈.≈≈.≈.P###......
.....≈≈.≈.≈.≈≈#####.....#
.....≈≈≈...≈≈≈###.......#
#........>.....###......#
#...≈≈≈...≈≈≈.###.......
###.≈≈.≈.≈.≈≈###........


You could see a boulder beetle.

Vanquished Creatures
  3 hydras (Lair:2)
  An elephant (D:10)
  A black mamba (Lair:1)
  7 cane toads
  6 komodo dragons
  5 polar bears
  A hornet (D:8)
  A slime creature (shapeshifter) (D:10)
  5 slime creatures (D:10)
  A meliai zombie (D:9)
  A redback (Lair:4)
  A shadow (D:10)
  Sigmund (D:2)
  2 wyverns (Lair:4)
  27 yaks
  3 basilisks
  10 water moccasins
  Duvessa (D:6)
  2 orc warriors
  A black bear (Lair:2)
  A phantom (D:9)
  3 necrophages
  3 centaurs
  5 ogres
  4 ice beasts
  12 wolves
  10 bullfrogs
  5 scorpions
  Dowan (D:6)
  5 killer bees (D:10)
  5 wights
  3 howler monkeys (D:7)
  An electric eel (Lair:2)
  4 centaur zombies
  A quasit (D:7)
  6 orc priests
  A centaur skeleton (D:8)
  10 hounds
  8 jellies
  16 orc wizards
  An iguana (D:4)
  8 worker ants
  A hound zombie (D:6)
  A worker ant zombie (D:8)
  3 adders
  4 gnolls (D:3)
  A howler monkey skeleton (D:5)
  3 shadow imps
  3 white imps
  3 ufetubi
  2 oozes
  An adder zombie (D:6)
  3 adder skeletons
  A dart slug (D:2)
  4 worms
  5 leopard geckos
  35 orcs
  7 giant cockroaches
  6 goblins
  5 hobgoblins
  6 jackals
  3 kobolds
  4 quokkas
  2 ball pythons
  5 bats
  4 frilled lizards
  A giant cockroach zombie (D:5)
  A quokka skeleton (D:7)
  4 rats
311 creatures vanquished.

Vanquished Creatures (others)
  A sky beast (D:5)
  87 fulminant prisms
  11 fungi
  14 plants
  7 withered plants (D:6)
120 creatures vanquished.

Grand Total: 431 creatures vanquished

Notes
Turn   | Place    | Note
-------+----------+-------------------------------------------
     0 | D:1      | KamiKatze the Draconian Conjurer began the quest for the
                  | Orb.
     0 | D:1      | Reached XP level 1. HP: 14/14 MP: 3/3
   285 | D:1      | Reached XP level 2. HP: 20/20 MP: 1/5
   288 | D:1      | Learned a level 2 spell: Searing Ray
  1093 | D:2      | Reached XP level 3. HP: 26/26 MP: 1/7
  1374 | D:2      | Noticed Sigmund
  1875 | D:2      | Killed Sigmund
  1876 | D:2      | Reached skill level 5 in Conjurations
  1876 | D:2      | Reached XP level 4. HP: 33/33 MP: 0/10
  1876 | D:2      | Reached XP level 5. HP: 38/38 MP: 0/11
  1884 | D:2      | Learned a level 4 spell: Fulminant Prism
  1889 | D:2      | Learned a level 4 spell: Iskenderun's Mystic Blast
  2390 | D:3      | Reached XP level 6. HP: 45/45 MP: 10/12
  2594 | D:3      | Reached skill level 1 in Translocations
  2607 | D:3      | Reached skill level 1 in Hexes
  2987 | D:3      | Found a shimmering blue altar of Sif Muna.
  3896 | D:5      | Entered Level 5 of the Dungeon
  4156 | D:5      | Your scales start taking on a glossy black colour.
  4156 | D:5      | Reached XP level 7. HP: 50/50 MP: 8/13
  4156 | D:5      | Gained mutation: You are resistant to electric shocks.
                  | (rElec) [Black Draconian growth]
  4605 | D:5      | Reached skill level 5 in Spellcasting
  5552 | D:6      | Noticed Duvessa
  5552 | D:6      | Noticed Dowan
  5652 | D:6      | Killed Dowan
  5804 | D:6      | Found a burning altar of Makhleb.
  5814 | D:6      | Reached XP level 8. HP: 56/57 MP: 6/16
  6302 | D:6      | Found a staircase to the Ecumenical Temple.
  6313 | Temple   | Entered the Ecumenical Temple
  6486 | D:6      | Found an ancient bone altar of Kikubaaqudgha.
  6517 | D:6      | Got a pitted rapier
  6518 | D:6      | Identified the +8 rapier of Bazxit {vorpal, *Noise rF+
                  | Stlth+} (You found it on level 6 of the Dungeon)
  6829 | D:6      | HP: 2/85 [Duvessa/+0 short sword (4)]
  6830 | D:6      | Killed Duvessa
  7461 | D:6      | Reached skill level 5 in Translocations
  7739 | D:7      | Found a basalt altar of Yredelemnul.
  7780 | D:7      | Reached XP level 9. HP: 62/62 MP: 13/18
  7837 | D:7      | Reached skill level 5 in Hexes
  8937 | D:8      | Found a sacrificial altar of Ru.
  9290 | D:8      | Found a viscous altar of Jiyva.
  9762 | D:8      | Found an iron altar of Okawaru.
  9767 | D:8      | Found a radiant altar of Vehumet.
  9771 | D:8      | Found an opulent altar of Gozag.
  9784 | D:8      | Became a worshipper of Vehumet
 10461 | D:9      | Found a bloodstained altar of Trog.
 10536 | D:9      | Reached skill level 1 in Fighting
 10536 | D:9      | Reached XP level 10. HP: 71/71 MP: 16/21
 10677 | D:9      | Reached * piety under Vehumet
 10677 | D:9      | Offered knowledge of Shock by Vehumet.
 10833 | D:9      | Reached skill level 1 in Short Blades
 11026 | D:9      | Found a glowing golden altar of the Shining One.
 11035 | D:9      | Found a glowing silver altar of Zin.
 11302 | D:9      | Found a shimmering altar of Xom.
 11438 | D:9      | Found an ornate altar of the Wu Jian Council.
 11681 | D:9      | Noticed a four-headed hydra
 11774 | D:10     | Entered Level 10 of the Dungeon
 11953 | D:10     | Noticed a black mamba
 11953 | D:10     | a jumping spider changed into a black mamba
 11957 | D:10     | Noticed a harpy
 11957 | D:10     | a black mamba changed into a harpy
 12000 | D:10     | Noticed a queen ant
 12000 | D:10     | a swamp worm changed into a queen ant
 12123 | D:10     | Learned a level 3 spell: Mephitic Cloud
 12364 | D:10     | Reached skill level 1 in Air Magic
 12786 | D:10     | Noticed an elephant
 13630 | D:10     | Killed an elephant
 13859 | D:10     | Found a staircase to the Lair.
 14019 | Lair:1   | Entered Level 1 of the Lair of Beasts
 14050 | Lair:1   | Reached XP level 11. HP: 72/82 MP: 23/23
 14163 | Lair:1   | Reached ** piety under Vehumet
 14218 | Lair:1   | Offered knowledge of Sandblast by Vehumet.
 15304 | Lair:2   | Noticed a six-headed hydra
 15346 | Lair:2   | Noticed a seven-headed hydra
 15353 | Lair:2   | Killed a seven-headed hydra
 15484 | Lair:2   | Reached skill level 5 in Air Magic
 15744 | Lair:2   | Noticed a seven-headed hydra
 15785 | Lair:2   | Killed a seven-headed hydra
 15912 | Lair:2   | Killed a six-headed hydra
 16115 | Lair:2   | Offered knowledge of Ignite Poison by Vehumet.
 16166 | Lair:2   | Learned a level 3 spell: Ignite Poison
 16255 | Lair:2   | You fall into a shaft and drop 2 floors!
 16757 | Lair:2   | Reached skill level 1 in Transmutations
 16881 | Lair:2   | Reached skill level 1 in Fire Magic
 16881 | Lair:2   | Reached skill level 1 in Poison Magic
 17250 | Lair:3   | Reached XP level 12. HP: 91/91 MP: 20/25
 17366 | Lair:3   | Got a steaming spear
 17480 | Lair:3   | Identified the +6 spear "Asoulle" {antimagic, rElec rC+++
                  | Str-3 Int-3} (You found it on level 3 of the Lair of
                  | Beasts)
 17678 | Lair:3   | Reached *** piety under Vehumet
 18043 | Lair:3   | Found a staircase to the Swamp.
 18305 | Lair:4   | Offered knowledge of Stone Arrow by Vehumet.
 18582 | Lair:4   | Found a hole to the Spider Nest.
 18639 | Lair:4   | Noticed a boulder beetle
 18646 | Lair:4   | Reached skill level 10 in Conjurations
 18790 | Lair:4   | Reached skill level 10 in Spellcasting
 19117 | Lair:4   | Slain by a boulder beetle

Illustrated notes

Levels and vault maps discovered:
D:1:      minmay_arrival_jagged, layout_loops_ring, dk_noncrumbling_3,
          minmay_door_square
D:2:      layout_loops_ring, uniq_sigmund
D:3:      layout_loops_corners, tgw_sif
D:4:      layout_gridville
D:5:      layout_layer_cave
D:6:      layout_basic, kiku_gazebo_garden_becter,
          nicolae_overflow_crystal_walls, minmay_temple_entry_ruins,
          dk_noncrumbling_4, minmay_misc_feat_iff, uniq_duvessa
D:7:      layout_layer_cave, lemuel_doored_altar
D:8:      cheibrodos_barr_body, layout_gridville,
          minmay_overflow_temple_star_quad, nicolae_ru_path_of_blood,
          jiyva_altar_1
D:9:      layout_loops_ring, lemuel_crystal_altar,
          nicolae_overflow_hidden_temple, kennysheep_little_box, minitemple,
          minivault_25_ag
D:10:     layout_loops_ring, david_lair_generic, minivault_25_ag
Temple:   jpeg_temple_island
Lair:1:   layout_small_grid, grunt_megastairs_2, infiniplex_staircase_pool,
          serial_bayou_shore_b
Lair:2:   layout_regular_city, gammafunk_lair_bear_cave
Lair:3:   layout_gridlike, swamp_mist, grunt_megastairs_5
Lair:4:   layout_hall_layers, spider_nest_entry_a,
          chequers_serial_rivers_small_b

Skill      XL: |  1  2  3  4  5  6  7  8  9 10 11 12 |
---------------+-------------------------------------+-----
Stealth        | 2 |  2.0
Dodging        | 2 |  2.0
Spellcasting   | 4 5 6 7 8 9 10 | 10.0
Conjurations   | 5 6 7 8 9 10 | 10.1
Translocations | 2 3 5 6 7 8 |  8.7
Hexes          | 2 3 4 6 7 8 |  8.0
Fighting       | 1 3 4 |  4.0
Short Blades   | 2 4 |  4.0
Air Magic      | 3 6 |  6.0
Transmutations | 1 3 |  3.3
Fire Magic     | 1 3 |  3.2
Poison Magic   | 1 3 |  3.3

Action                   |  1- 3 |  4- 6 |  7- 9 | 10-12 || total
-------------------------+-------+-------+-------+-------++-------
Melee: Spear             |    24 |    29 |    21 |       ||    74
       Tailslap          |     1 |     1 |     4 |    19 ||    25
       Rapier            |       |       |    68 |   116 ||   184
       Staff             |       |       |       |    15 ||    15
       Whip              |       |       |       |     3 ||     3
Throw: Dart              |       |       |       |     2 ||     2
 Cast: Magic Dart        |    28 |    36 |    58 |    53 ||   175
       Searing Ray       |    13 |    17 |    58 |    68 ||   156
       Fulminant Prism   |       |       |     6 |    81 ||    87
       Iskenderun's Myst |       |       |     8 |    37 ||    45
       Mephitic Cloud    |       |       |       |    11 ||    11
       Ignite Poison     |       |       |       |     2 ||     2
 Abil: Breathe Lightning |       |       |     3 |       ||     3
Evoke: Wand              |       |       |       |     2 ||     2
  Use: Scroll            |       |     7 |     2 |     5 ||    14
       Potion            |       |       |     2 |       ||     2
 Stab: Sleeping          |       |     1 |     4 |       ||     5
       Confused          |       |       |       |     4 ||     4
Armor: Skin              |     6 |    12 |    59 |    56 ||   133
Dodge: Dodged            |    15 |    12 |    99 |   105 ||   231
